 Dungeon Crawl Stone Soup version 0.25.0-9-g26727b657a (webtiles) character file.

Game seed: 14085631105044916001

45502 Exodus22XD the Thaumaturge (level 14, -1/68 HPs)
             Began as a Deep Elf Wizard on June 20, 2020.
             Was an Elder of Sif Muna.
             Slain by a wolf spider (14 damage)
             ... on level 1 of the Spider Nest.
             The game lasted 02:24:19 (25043 turns).

Exodus22XD the Thaumaturge (Deep Elf Wizard)       Turns: 25043, Time: 02:24:19

Health: -1/68      AC: 14    Str:  2    XL:     14   Next: 1%
Magic:  8/41       EV: 18    Int: 29    God:    Sif Muna [****..]
Gold:   1158       SH:  0    Dex: 13    Spells: 11/37 levels left

rFire    . . .     SeeInvis +   X - +3 spear "Ziwuu" {drain, +Rage rPois Str-2 SInv}
rCold    . . .     Gourm    .   (no shield)
rNeg     . . .     Faith    .   a - +0 robe
rPois    +         Spirit   .   M - +2 hat {MR+}
rElec    .         Reflect  .   v - +0 cloak
rCorr    .         Harm     .   T - +1 pair of gloves
MR       ++...                  t - +2 pair of boots
Stlth    ++........             N - amulet of the acrobat
HPRegen  0.21/turn              e - +4 ring of protection
MPRegen  0.27/turn              g - ring of magical power

@: about to teleport, very slightly contaminated
A: no striking features
a: Channel Magic, Forget Spell, Divine Exegesis, Renounce Religion, Evoke
Berserk Rage


You were on level 1 of the Spider Nest.
You worshipped Sif Muna.
Sif Muna was greatly pleased with you.
You were hungry.

You visited 4 branches of the dungeon, and saw 19 of its levels.
You also visited: Sewer.

You collected 1158 gold pieces.

Inventory:

Hand Weapons
 B - a +2 dagger of electrocution
 H - the +6 rapier "Peferghaps" {elec, rElec rN+}
   (You took it off an orc on level 10 of the Dungeon)

   Occasionally, upon striking a foe, it will discharge some electrical energy
   and cause terrible harm.
   It insulates you from electricity.
   It protects you from negative energy.
 X - the +3 spear "Ziwuu" (weapon) {drain, +Rage rPois Str-2 SInv}
   (You found it on level 3 of the Lair of Beasts)

   A truly terrible weapon, it drains the life of those it strikes.
   It affects your strength (-2).
   It protects you from poison.
   It lets you see invisible.
   It lets you go berserk.
Armour
 a - a +0 robe (worn)
 t - a +2 pair of boots (worn)
 v - a +0 cloak (worn)
 J - a +0 hat of intelligence
 M - a +2 hat of magic resistance (worn)
 T - a +1 pair of gloves (worn)
Magical Staves
 A - an uncursed staff of earth
 F - an uncursed staff of cold
Jewellery
 c - an uncursed ring of wizardry
 e - a +4 ring of protection (left hand)
 g - a ring of magical power (right hand)
 r - a +6 ring of intelligence
 E - an uncursed ring of positive energy
 K - an uncursed ring of protection from fire
 N - an amulet of the acrobat (around neck)
 Q - a +6 ring of strength
 V - an uncursed ring of protection from magic
 Y - an uncursed ring of ice
Wands
 m - a wand of flame (33)
 D - a wand of iceblast (13)
 I - a wand of enslavement (24)
 R - a wand of polymorph (15)
Scrolls
 b - 4 scrolls of amnesia
 f - 2 scrolls of magic mapping
 i - 3 scrolls of teleportation
 q - a scroll of blinking
 s - 2 scrolls of enchant weapon
 u - 2 scrolls of enchant armour
 y - 8 scrolls of remove curse
 G - a scroll of fear
 L - 2 scrolls of torment {unknown}
 U - 2 scrolls of summoning {unknown}
 W - 5 scrolls of immolation {unknown}
 Z - a scroll of fog
Potions
 h - 2 potions of magic
 j - 4 potions of curing
 l - 5 potions of lignification
 n - 2 potions of cancellation
 o - 2 potions of flight
 p - 4 potions of mutation
 w - 4 potions of ambrosia
 x - 3 potions of invisibility {unknown}
 z - 4 potions of might {unknown}
 C - 4 potions of haste {unknown}
 O - 2 potions of stabbing
 P - 2 potions of heal wounds {unknown}
 S - a potion of resistance {unknown}
Comestibles
 d - 43 rations


   Skills:
 - Level 10.1 Dodging
 - Level 2.4 Stealth
 + Level 12.3 Spellcasting
 - Level 10.2 Conjurations
 - Level 4.6 Summonings
 - Level 1.1 Translocations
 - Level 10.4 Fire Magic
 - Level 4.3 Air Magic
 - Level 10.0 Earth Magic
 - Level 10.1 Invocations
 - Level 10.1 Evocations


You had 11 spell levels left.
You knew the following spells:

 Your Spells              Type           Power        Failure   Level  Hunger
a - Magic Dart            Conj           ####         1%          1    None
b - Call Imp              Summ           #####...     1%          2    None
c - Blink                 Tloc           N/A          2%          2    None
d - Conjure Flame         Conj/Fire      ######..     1%          3    None
e - Mephitic Cloud        Conj/Pois/Air  #####...     1%          3    None
f - Stone Arrow           Conj/Erth      ######       1%          3    None
g - Passwall              Tmut/Erth      #####...     1%          2    None
h - Lee's Rapid Deconstr  Erth           ######....   1%          5    ##.....
i - Fireball              Conj/Fire      ######....   1%          5    ##.....

Your spell library contained the following spells:

 Spells                   Type           Power        Failure   Level  Hunger
 Foxfire                  Conj/Fire      ####         1%          1    None
 Sandblast                Erth           ######       1%          1    None
 Beastly Appendage        Tmut           ###...       3%          1    None
 Petrify                  Tmut/Erth      #####...     3%          4    None
 Slow                     Hex            ###.....     4%          2    None
 Sticks to Snakes         Tmut           ###.....     4%          2    None
 Starburst                Conj/Fire      ######....   6%          6    ####...
 Spider Form              Tmut/Pois      ###.......   9%          3    None
 Conjure Ball Lightning   Conj/Air       ######....   22%         6    ####...
 Dispel Undead            Necr           ###.....     30%         4    None
 Ice Form                 Ice/Tmut       ###.....     30%         4    None
 Orb of Destruction       Conj           ######....   36%         7    ######.
 Freezing Cloud           Conj/Ice/Air   #####.....   52%         6    ####...
 Blade Hands              Tmut           ###.......   63%         5    ##.....
 Metabolic Englaciation   Hex/Ice        ###.......   63%         5    ##.....
 Ozocubu's Refrigeration  Ice            ###.......   99%         6    ####...
 Simulacrum               Ice/Necr       ###.......   99%         6    ####...


Dungeon Overview and Level Annotations

Branches:
Dungeon (11/15)            Temple (1/1) D:6            Lair (6/6) D:11
 Shoals (0/4) Lair:3       Spider (1/4) Lair:3        Slime (0/5) Lair:6
    Orc (0/2) D:10          Sewer (visited)

Altars:
Ashenzari
Cheibriados
Dithmenos
Elyvilon
Fedhas
Gozag
Hepliaklqana
Kikubaaqudgha
Makhleb
Nemelex Xobeh
Okawaru
Qazlal
Ru
Sif Muna
Trog
Uskayaw
Vehumet
Wu Jian
Xom
Yredelemnul
Zin
The Shining One
Jiyva

Shops:
D:8 (   D:9 [   D:10 }

Annotations:
Lair:1 exclusion: hydra
Lair:2 3 runed translucent doors, Alannah's ghost, journeyman DsHu


Message History

A wolf spider comes into view.
The orb spider spins a strand of pure energy.
The redback bites you.
* * * LOW HITPOINT WARNING * * *
Casting: Blink (safe; 2% risk of failure)
Confirm with . or Enter, or press ? or * to list all spells.
You blink.
A tarantella comes into view.
Found 22 gold pieces.
Okay, then.
As you read the scroll of teleportation, it crumbles to dust.
You feel strangely unstable.
The wolf spider hits you but does no damage.
The wolf spider misses you.
Unknown command.
Casting: Blink (safe; 2% risk of failure)
Confirm with . or Enter, or press ? or * to list all spells.
You miscast Blink.
Nothing appears to happen.
The jumping spider leaps!
The wolf spider hits you!
You die...

..................^.
........................
........s...s...........
............s...........
.........s.s............
........................
.......ss$s.............
............s.^.........
......s@ss.s.°..........
............s..†s.......
................s.......
....s.s.........s.......
...........^.......s$...
............!.....s.....
..................s.....
..$..../................
.....^....^.......


You could see 5 wolf spiders, an orb spider (charged), 2 jumping spiders, 4
tarantellas and 4 redbacks.

Vanquished Creatures
  2 dire elephants
  Snorg (D:11)
  Harold (D:7)
  Erolcha (D:11)
  3 hydras
  2 catoblepae
  A deep troll shaman (Lair:6)
  3 death yaks (Lair:6)
  An unseen horror (D:11)
  An ugly thing (D:11)
  A deep elf mage (D:10)
  A wolf spider (Spider:1)
  A cyclops (D:11)
  21 elephants
  5 black mambas
  7 spiny frogs
  A rime drake (Lair:6)
  2 komodo dragons
  2 trolls
  A polar bear (Lair:6)
  A jumping spider (Spider:1)
  A hornet (D:7)
  8 blink frogs
  5 hippogriffs
  16 dream sheep
  A snapping turtle (Lair:3)
  7 redbacks (Spider:1)
  A tarantella (Spider:1)
  A spriggan (Lair:5)
  42 yaks
  3 wyverns
  2 hungry ghosts (D:8)
  Edmund (D:6)
  A soldier ant (D:10)
  4 water moccasins
  5 porcupines
  4 ice beasts
  An orc warrior (D:10)
  2 black bears (Lair:6)
  An eye of draining (D:11)
  5 ogres
  A phantom (D:8)
  A swamp drake (D:10)
  A necrophage (D:10)
  2 sky beasts
  6 wolves (Lair:6)
  3 centaurs
  14 crocodiles
  6 bullfrogs
  A gnoll sergeant (D:8)
  4 scorpions
  7 wights (D:11)
  3 howler monkeys
  2 crimson imps
  A centaur zombie (D:5)
  A bullfrog zombie (D:10)
  A quasit (D:11)
  A gnoll shaman (D:10)
  5 jellies
  3 orc priests
  2 bullfrog skeletons (D:5)
  An iron imp (D:10)
  4 centaur skeletons
  Jessica (D:2)
  2 iguanas
  10 orc wizards
  5 worker ants
  4 hound zombies
  2 worker ant zombies
  10 gnolls
  8 adders
  A river rat (D:5)
  6 shadow imps
  A white imp (D:10)
  5 oozes
  3 adder skeletons
  5 worms
  2 dart slugs
  3 leopard geckos
  51 orcs
  15 giant cockroaches
  14 hobgoblins
  6 jackals
  8 kobolds
  4 quokkas
  2 ball pythons
  13 bats
  3 frilled lizards
  9 goblins
  A leopard gecko zombie (D:5)
  2 quokka skeletons
  A quokka zombie (D:8)
  11 rats
  2 plants
450 creatures vanquished.

Vanquished Creatures (collateral kills)
  A death yak (Lair:6)
  A deep elf mage (D:10)
  A dream sheep (Lair:4)
  A basilisk (Lair:5)
  A scorpion (D:4)
  3 howler monkeys (D:7)
  An orc priest (D:6)
  An iguana (D:5)
  A worker ant (D:4)
  Terence (D:2)
  2 adders (D:4)
  An ooze (D:8)
  2 dart slugs (D:2)
  4 orcs
  A goblin (D:6)
22 creatures vanquished.

Vanquished Creatures (others)
  A wolf spider (Spider:1)
  A yak (Lair:5)
  85 fungi
  30 plants
117 creatures vanquished.

Grand Total: 589 creatures vanquished

Notes
Turn   | Place    | Note
-------+----------+-------------------------------------------
     0 | D:1      | Exodus22XD the Deep Elf Wizard began the quest for the Orb.
     0 | D:1      | Reached XP level 1. HP: 10/10 MP: 7/7
   247 | D:1      | Reached XP level 2. HP: 15/15 MP: 6/9
   570 | D:1      | Learned a level 2 spell: Call Imp
   573 | D:1      | Learned a level 2 spell: Blink
   698 | D:1      | Reached XP level 3. HP: 19/19 MP: 1/10
   787 | D:1      | Learned a level 3 spell: Conjure Flame
  1366 | D:2      | Noticed Terence
  1535 | D:2      | Noticed Jessica
  1559 | D:2      | Killed Terence
  1570 | D:2      | Killed Jessica
  1570 | D:2      | Reached XP level 4. HP: 17/24 MP: 6/12
  2028 | D:2      | Reached XP level 5. HP: 28/28 MP: 13/13
  2050 | D:2      | Learned a level 3 spell: Mephitic Cloud
  2434 | D:3      | Noticed a sky beast
  2439 | D:3      | Killed a sky beast
  2439 | D:3      | Reached skill level 5 in Spellcasting
  2439 | D:3      | Reached XP level 6. HP: 32/32 MP: 16/16
  3333 | D:4      | Reached skill level 1 in Fire Magic
  4091 | D:5      | Entered Level 5 of the Dungeon
  4185 | D:5      | Reached XP level 7. HP: 30/36 MP: 12/17
  4417 | D:5      | Found a radiant altar of Vehumet.
  4475 | D:5      | Reached skill level 6 in Spellcasting
  4513 | D:5      | Reached skill level 7 in Spellcasting
  4541 | D:5      | Found a glowing drain.
  4566 | Sewer    | Entered a sewer
  5110 | D:5      | Reached skill level 8 in Spellcasting
  5367 | D:5      | Reached XP level 8. HP: 41/41 MP: 22/22
  5405 | D:5      | Reached skill level 1 in Air Magic
  5842 | D:6      | Found a staircase to the Ecumenical Temple.
  5851 | Temple   | Entered the Ecumenical Temple
  5938 | Temple   | Became a worshipper of Sif Muna the Loreminder
  5984 | D:6      | Found a glowing silver altar of Zin.
  6038 | D:6      | Noticed Edmund
  6104 | D:6      | Killed Edmund
  6387 | D:6      | Found a radiant altar of Vehumet.
  6740 | D:7      | Reached skill level 9 in Spellcasting
  6944 | D:7      | Learned a level 3 spell: Stone Arrow
  7022 | D:7      | Noticed Harold
  7038 | D:7      | Reached skill level 5 in Conjurations
  7048 | D:7      | Reached * piety under Sif Muna
  7076 | D:7      | Killed Harold
  7076 | D:7      | Reached XP level 9. HP: 31/45 MP: 6/24
  7659 | D:7      | Found a glowing golden altar of the Shining One.
  7659 | D:7      | Found a white marble altar of Elyvilon.
  7726 | D:7      | Found a hide-covered altar of Uskayaw.
  7728 | D:7      | Found a bloodstained altar of Trog.
  7729 | D:7      | Found a shattered altar of Ashenzari.
  7806 | D:8      | Found Nontypp's Antique Weapon Emporium.
  7873 | D:8      | Reached skill level 10 in Spellcasting
  8024 | D:8      | Reached skill level 1 in Invocations
  8276 | D:9      | Noticed a troll
  8294 | D:9      | Killed a troll
  8655 | D:9      | Reached skill level 5 in Invocations
  8754 | D:9      | Found Idyskabb's Armour Shoppe.
  9113 | D:8      | Identified the cursed +3 quarterstaff of Inconvenience
                  | {vamp, Str+4 Dex+2 Stlth+}
  9597 | D:8      | Reached ** piety under Sif Muna
  9809 | D:8      | Reached XP level 10. HP: 49/50 MP: 21/26
  9949 | D:10     | Entered Level 10 of the Dungeon
 10185 | D:10     | Found a staircase to the Orcish Mines.
 10674 | D:10     | Reached *** piety under Sif Muna
 10683 | D:10     | Identified the +6 rapier "Peferghaps" {elec, rElec rN+}
 10894 | D:10     | Noticed a deep elf mage
 10902 | D:10     | Killed a deep elf mage
 10956 | D:10     | Noticed a deep elf mage
 10962 | D:10     | Killed a deep elf mage
 10962 | D:10     | Reached skill level 10 in Conjurations
 11235 | D:10     | Found Ocuiklea's Gadget Emporium.
 11529 | D:11     | Found a staircase to the Lair.
 11546 | D:11     | Noticed Snorg
 11562 | D:11     | Killed Snorg
 11562 | D:11     | Reached skill level 10 in Invocations
 11715 | D:11     | Reached skill level 1 in Earth Magic
 11831 | D:11     | Found a shattered altar of Ashenzari.
 11840 | D:11     | Noticed a cyclops
 12099 | D:11     | Killed a cyclops
 12282 | D:11     | Killed an unseen horror
 12282 | D:11     | Reached XP level 11. HP: 54/54 MP: 19/27
 12326 | D:11     | Noticed Erolcha
 12335 | D:11     | Killed Erolcha
 12640 | D:11     | Noticed a green ugly thing
 12650 | D:11     | Reached skill level 5 in Dodging
 12654 | D:11     | Killed a green ugly thing
 13171 | D:11     | Reached **** piety under Sif Muna
 13357 | Lair:1   | Entered Level 1 of the Lair of Beasts
 13716 | Lair:1   | Noticed a seven-headed hydra
 13725 | Lair:1   | Killed a seven-headed hydra
 14273 | Lair:1   | Noticed a five-headed hydra
 14284 | Lair:1   | Killed a five-headed hydra
 14284 | Lair:1   | Reached skill level 10 in Dodging
 14576 | Lair:2   | Noticed Alannah's ghost (journeyman DsHu)
 14609 | Lair:2   | Found a runed translucent gate.
 14609 | Lair:2   | Found a runed translucent gate.
 14609 | Lair:2   | Found a runed translucent gate.
 14655 | Lair:2   | Found a basalt altar of Yredelemnul.
 14670 | Lair:2   | Reached skill level 5 in Fire Magic
 15076 | Lair:3   | Got a dazzling spear
 15079 | Lair:3   | Identified the +3 spear "Ziwuu" {drain, +Rage rPois Str-2
                  | SInv} (You found it on level 3 of the Lair of Beasts)
 15142 | Lair:3   | Found a hole to the Spider Nest.
 15355 | Lair:3   | Noticed a six-headed hydra
 15366 | Lair:3   | Killed a six-headed hydra
 15505 | Lair:3   | Found a staircase to the Shoals.
 16379 | Lair:4   | Reached XP level 12. HP: 22/59 MP: 1/28
 16381 | Lair:4   | HP: 1/59 [dream sheep (22)]
 18339 | Lair:5   | Noticed a catoblepas
 18369 | Lair:5   | Killed a catoblepas
 18369 | Lair:5   | Reached skill level 10 in Fire Magic
 18886 | Lair:5   | Reached skill level 11 in Spellcasting
 19164 | Lair:4   | Reached skill level 12 in Spellcasting
 19434 | Lair:4   | Learned a level 2 spell: Passwall
 19595 | Lair:5   | Reached skill level 5 in Earth Magic
 20282 | Lair:5   | Noticed a dire elephant
 20537 | Lair:4   | Reached XP level 13. HP: 37/63 MP: 0/31
 20714 | Lair:5   | Killed a dire elephant
 21347 | Lair:6   | Entered Level 6 of the Lair of Beasts
 21866 | Lair:6   | Reached skill level 10 in Earth Magic
 21969 | Lair:6   | Reached ***** piety under Sif Muna
 22003 | Lair:6   | Reached skill level 1 in Evocations
 22264 | Lair:6   | Learned a level 5 spell: Lee's Rapid Deconstruction
 22422 | Lair:6   | Found a staircase to the Slime Pits.
 22423 | Lair:6   | Found a viscous altar of Jiyva.
 22440 | Lair:6   | Identified Sif Muna's Tome of Sinister Secrets and Attacks
                  | (Sif Muna gifted it to you on level 6 of the Lair of
                  | Beasts)
 22440 | Lair:6   | Received a gift from Sif Muna
 22448 | Lair:6   | Learned a level 5 spell: Fireball
 22705 | Lair:6   | Reached skill level 5 in Evocations
 23259 | Lair:6   | HP: 1/63 [death yak (22)]
 24031 | Lair:6   | Noticed a dire elephant
 24183 | Lair:6   | Killed a dire elephant
 24884 | Spider:1 | Entered Level 1 of the Spider Nest
 25033 | Spider:1 | Reached skill level 10 in Evocations
 25036 | Spider:1 | Reached XP level 14. HP: 15/68 MP: 19/32
 25043 | Spider:1 | Slain by a wolf spider

Illustrated notes

Levels and vault maps discovered:
D:1:      tarquinn_simple_flora_water_f, layout_basic
D:2:      layout_rooms, grunt_decor_resistance, uniq_jessica, uniq_terence
D:3:      layout_loops_ring, first_ration, kennysheep_pointless_box
D:4:      layout_gridville
D:5:      layout_gridville, lemuel_crystal_altar, gup_sewer_entry_bubbles,
          kennysheep_generic_room_11
D:6:      layout_cave_pools, minmay_temple_entry_waves, basic_altar,
          vehumet_altar_wand_db, uniq_edmund
D:7:      layout_rooms, chequers_temple_overflow_minitemple,
          serial_bayou_pond_d, uniq_harold
D:8:      layout_basic, serial_shops, kennysheep_mini_moat,
          hangedman_little_slice_of_home
D:9:      layout_cave_pools, serial_shops, shop
D:10:     layout_basic, erik_orc_3, serial_shops, nicolae_shop_behind_doors,
          hangedman_minor_magic
D:11:     layout_roguey, lair_entry_dummy, basic_altar, st_stairs_9,
          uniq_erolcha, uniq_snorg
Temple:   compressed_dpeg_circular_temple
Lair:1:   layout_regular_city, grunt_megastairs_3
Lair:2:   layout_cave_shapes, gammafunk_ghost_icy, basic_altar,
          lemuel_fruit_fields
Lair:3:   layout_small_grid, minmay_shoals_entry_hut,
          nicolae_spider_entry_non_spiders, lemuel_fruit_tree
Lair:4:   layout_cave_pods, minivault_23, grunt_megastairs_1,
          infiniplex_staircase_pool_2
Lair:5:   mu_elephants_graveyard, layout_misc_corridors, lemuel_fruit_fields
Lair:6:   grunt_lair_end_beastmaster, layout_gridlike, slime_altar_1
Spider:1: layout_spider_delve

Skill      XL: |  1  2  3  4  5  6  7  8  9 10 11 12 13 |
---------------+----------------------------------------+-----
Conjurations   | 2 3 4 7 9 10 | 10.2
Summonings     | 2 3 4 |  4.6
Spellcasting   | 5 8 9 10 12 | 12.3
Fire Magic     | 3 4 7 10 | 10.4
Air Magic      | 4 |  4.3
Invocations    | 6 10 | 10.1
Earth Magic    | 4 7 10 | 10.0
Dodging        | 10 | 10.1
Evocations     | 10 | 10.1
Stealth        | |  2.4
Translocations | |  1.1

Action                   |  1- 3 |  4- 6 |  7- 9 | 10-12 | 13-15 || total
-------------------------+-------+-------+-------+-------+-------++-------
Melee: Unarmed           |     2 |       |       |       |       ||     2
       Dagger            |       |    11 |    63 |       |       ||    74
       Staff             |       |       |     1 |     9 |    19 ||    29
       Rapier            |       |       |       |    32 |       ||    32
       Spear             |       |       |       |     7 |       ||     7
 Cast: Magic Dart        |    76 |   152 |   298 |   250 |    89 ||   865
       Call Imp          |     3 |     6 |    15 |    20 |     7 ||    51
       Mephitic Cloud    |       |     5 |    18 |    37 |    19 ||    79
       Conjure Flame     |       |     3 |    18 |    16 |     8 ||    45
       Stone Arrow       |       |       |    46 |   325 |   179 ||   550
       Blink             |       |       |     2 |    26 |    20 ||    48
       Fireball          |       |       |       |       |    19 ||    19
       Lee's Rapid Decon |       |       |       |       |     1 ||     1
Invok: Channel Magic     |       |       |       |       |     1 ||     1
Evoke: Wand              |       |       |       |     3 |     4 ||     7
       Box of beasts     |       |       |       |       |     2 ||     2
  Use: Scroll            |       |     7 |     7 |    12 |     5 ||    31
       Potion            |       |       |     2 |     1 |     4 ||     7
 Stab: Sleeping          |       |     2 |     1 |       |       ||     3
       Confused          |       |       |     2 |     3 |     1 ||     6
  Eat: Chunk             |     2 |     8 |    14 |    25 |    14 ||    63
       Ration            |       |       |     1 |     2 |       ||     3
Armor: Robe              |     3 |     9 |    29 |    44 |    37 ||   122
Dodge: Dodged            |    12 |    20 |    76 |   129 |    74 ||   311
